 Dungeon Crawl Stone Soup version 0.21-a0-507-ga8f6b7a (webtiles) character file.

61 kae the Ruffian (level 3, -4/36 HPs)
             Began as a Troll Monk on Nov 27, 2017.
             Engulfed by a cloud of flame (14 damage)
             ... on level 3 of the Dungeon.
             The game lasted 00:01:34 (1113 turns).

kae the Ruffian (Troll Monk)                        Turns: 1113, Time: 00:01:35

Health: -4/36      AC:  5    Str: 19    XL:     3   Next: 83%
Magic:  2/2        EV: 11    Int:  6    God:
Gold:   64         SH:  0    Dex: 13    Spells: 2/2 levels left

rFire    . . .     SeeInvis .     - Unarmed
rCold    . . .     Gourm    +   (no shield)
rNeg     . . .     Faith    .   a - +0 robe
rPois    .         Spirit   .   (helmet restricted)
rElec    .         Reflect  .   (no cloak)
rCorr    .         Harm     .   (gloves unavailable)
MR       .....                  (boots unavailable)
Stlth    ++........             (no amulet)
HPRegen  0.52/turn              (no ring)
MPRegen  0.08/turn              (no ring)

@: no status effects
A: large, unfitting armour, claws 3, fast metabolism 3, gourmand, regeneration
1, shaggy fur 1, tough skin 2
a: no special abilities


You were on level 3 of the Dungeon.
You were completely stuffed.

You visited 1 branch of the dungeon, and saw 3 of its levels.

You collected 64 gold pieces.

Inventory:

Armour
 a - a +0 robe (worn)
Jewellery
 e - a cursed -3 ring of dexterity {unknown}
Scrolls
 d - a scroll of noise
 f - 2 scrolls of identify
 g - a scroll of random uselessness
Potions
 i - 2 potions of brilliance {unknown}
 k - a potion of heal wounds {unknown}
 l - a potion of mutation {unknown}
Comestibles
 b - 3 bread rations
 c - a royal jelly
 h - 4 fruits
 m - a chunk of flesh


   Skills:
 + Level 2.9 Fighting
 + Level 2.8 Dodging
 - Level 1.0 Stealth
 * Level 4.0 Unarmed Combat


You had 2 spell levels left.
You didn't know any spells.

Dungeon Overview and Level Annotations

Branches:
Dungeon (3/15)

Altars:
Dithmenos
Elyvilon
Hepliaklqana
Nemelex Xobeh


Innate Abilities, Weirdness & Mutations

You are too large for most types of armour.
You have claws for hands.
Your metabolism is lightning-fast.
You like to eat raw meat.
Your natural rate of healing is unusually fast.
You are covered in fur. (AC +1)
You have very tough skin. (AC +2)


Message History

No target in view!
No target in view!
(D) Dungeon
Where to? (Enter - D:2, ? - help)
There is a stone staircase leading down here.
You climb downwards.
A bat comes into view.
Found a hazy altar of Hepliaklqana.
Found a stone staircase leading down.
There is a stone staircase leading up here.
As you read the scroll labeled IXZIME MOILLI, it crumbles to dust.
The creatures around you are filled with an inner flame!
It was a scroll of immolation.
The bat barely misses you.
You closely miss the bat. The bat barely misses you.
You claw the bat!
The bat explodes!
The fiery explosion engulfs you!
Ouch! That really hurt!
* * * LOW HITPOINT WARNING * * *
You are engulfed in blazing flames.
You die...

### #..
#.##§####
#..§§@..#
####§§#......
#..# .....
.... ....
..... ...
....... ..
...._... .
........>.


There were no monsters in sight!

Vanquished Creatures
  An ooze (D:2)
  2 worms (D:2)
  A dart slug (D:2)
  A ball python (D:1)
  4 bats
  8 giant cockroaches
  5 goblins
  5 hobgoblins
  A quokka (D:2)
  4 frilled lizards (D:2)
  5 kobolds
  8 rats
45 creatures vanquished.

Notes
Turn   | Place    | Note
-------+----------+-------------------------------------------
     0 | D:1      | kae the Troll Monk began the quest for the Orb.
     0 | D:1      | Reached XP level 1. HP: 22/22 MP: 0/0
   233 | D:1      | Reached XP level 2. HP: 29/29 MP: 1/1
   628 | D:2      | Reached XP level 3. HP: 30/36 MP: 2/2
   900 | D:2      | Found a faded altar of an unknown god.
   900 | D:2      | Found a sparkling altar of Nemelex Xobeh.
   905 | D:2      | Found a white marble altar of Elyvilon.
   909 | D:2      | Found a faded altar of an unknown god.
   911 | D:2      | Found a shadowy altar of Dithmenos.
  1022 | D:2      | Reached skill level 4 in Unarmed Combat
  1110 | D:3      | Found a hazy altar of Hepliaklqana.
  1113 | D:3      | Engulfed by a cloud of flame

Vault maps used:
D:1:      minmay_arrival_stair_chambers
D:2:      chequers_temple_overflow_minitemple
D:3:      minmay_goblin_kobold_castle, trog_eyes_of_draining,
          overflow_temple_1_default, grunt_gozag_statues

Skill      XL: |  1  2  3 |
---------------+----------+-----
Unarmed Combat | 4 |  4.0
Fighting       | |  2.9
Dodging        | |  2.8
Stealth        | |  1.0

Action                   || total
-------------------------++-------
Melee: Unarmed           ||   117
       Punch             ||     1
  Use: Scroll            ||     3
 Stab: Sleeping          ||     2
  Eat: Chunk             ||    16
Armor: Robe              ||    46
Dodge: Dodged            ||    61

Table legend:
 A = Spawn XP
 B = Non-spawn XP
 C = Spawn XP percentage of total XP
 D = Spawn monster count
 E = Non-spawn monster count
 F = Spawn count percentage of total count
 G = Total turns spent on level
                    A         B        C        D         E        F      G
               +---------+---------+-------+---------+---------+-------+---------
         Total |       0 |      88 |   0.0 |       0 |      45 |   0.0 |  1113
               +---------+---------+-------+---------+---------+-------+---------
           D:1 |       0 |      23 |   0.0 |       0 |      15 |   0.0 |   568
           D:2 |       0 |      63 |   0.0 |       0 |      29 |   0.0 |   542
           D:3 |       0 |       2 |   0.0 |       0 |       1 |   0.0 |     3
               +---------+---------+-------+---------+---------+-------+---------
